 Dungeon Crawl Stone Soup version 0.29.1-4-g47bece8355 (webtiles) character file.

Game seed: 11500188697794356266

18 iamoutofideas the Chopper (level 2, -2/25 HPs)
             Began as a Hill Orc Gladiator on Dec 8, 2022.
             Slain by a hobgoblin (4 damage)
             ... led by Robin
             ... on level 1 of the Dungeon.
             The game lasted 00:00:34 (1173 turns).

iamoutofideas the Chopper (Hill Orc Gladiator)      Turns: 1173, Time: 00:00:35

Health: -2/25      AC:  4    Str: 16    XL:     2   Next: 70%
Magic:  2/2        EV: 12    Int:  8    God:
Gold:   41         SH:  0    Dex: 12    Spells: 1/1 levels left

rFire   . . .      SeeInvis .   a - +0 war axe
rCold   . . .      Faith    .   (no shield)
rNeg    . . .      Spirit   .   b - +0 leather armour
rPois   .          Reflect  .   c - +0 helmet
rElec   .          Harm     .   (no cloak)
rCorr   .          Rampage  .   (no gloves)
Will    .....                   (no boots)
Stlth   +.........              (no amulet)
HPRegen 0.08/turn               (no ring)
MPRegen 0.08/turn               (no ring)

@: attractive
A: no striking features
a: no special abilities


You were on level 1 of the Dungeon.
You visited 1 branch of the dungeon, and saw 2 of its levels.

You collected 41 gold pieces.

Inventory:

Hand Weapons
 a - a +0 war axe (weapon)
Missiles
 d - 3 throwing nets (quivered)
 e - a javelin
Armour
 b - a +0 leather armour (worn)
 c - a +0 helmet (worn)
Scrolls
 f - 2 scrolls of teleportation {unknown}
 g - 2 scrolls of identify {unknown}
 i - a scroll of poison {unknown}


   Skills:
 - Level 2.4 Fighting
 + Level 5.2 Axes
 - Level 1.7 Throwing
 - Level 2.4 Dodging


You had one spell level left.
You didn't know any spells.
Your spell library was empty.

Dungeon Overview and Level Annotations

Branches:
Dungeon (2/15)

Altars:

Annotations:
D:1 Robin


Message History

Level annotation: Robin Robin says, "A pitiful Hill Orc like you will never find the ORB!"
Robin roars a battlecry!
The goblins go into a battle-frenzy!
The goblin hits you with a +0 club.
There is a stone staircase leading up, spattered with blood here.
You closely miss Robin. You hit the goblin. Robin closely misses you.
The goblin hits you but does no damage. The goblin closely misses you.
Robin hits you with a +2 vorpal spear.
You hit the goblin.
You kill the goblin!
You barely miss Robin. You closely miss Robin. You closely miss the hobgoblin.
Robin roars a battlecry!
The hobgoblin hits you.
A goblin comes into view. It is wielding a +0 dagger.
You hit Robin.
Robin is moderately wounded.
You closely miss the hobgoblin. Robin hits you with a +2 vorpal spear.
The hobgoblin barely misses you.
You are too injured to fight recklessly!
You barely miss Robin.
Robin is moderately wounded.
You hit the hobgoblin.
The hobgoblin hits you but does no damage.
Robin flexes a bicep menacingly.
Robin misses you. Robin hits you but does no damage.
The hobgoblin hits you but does no damage.
Robin hits you with a +2 vorpal spear.
* * * LOW HITPOINT WARNING * * *
The hobgoblin hits you.
* * * LOW HITPOINT WARNING * * *
You climb upwards.
There is a stone staircase leading down here.
Unknown command.
Unknown command.
It was a potion of attraction.
You feel attractive to monsters. The hobgoblin hits you.
You die...

#.####.⌠...⌠.###
#.......# #
#....#.......# #.#.###.#
# #########'####
#.#.###.####
#.#.##########.#[#.......
#...##......##.#.#.#.####
#.####.####.##.#.#.#.#
#..............#.....####
######.####.######.##....
#.g@g..# #.##.###
######## #.##....
#.##.... #.#.....
#.#..... ####.......
#......#### #.##.....#.
#.##.....#.


You could see Robin and a hobgoblin (strong).

Vanquished Creatures
  2 ball pythons (D:1)
  3 endoplasms (D:1)
  5 goblins
  2 hobgoblins (D:1)
  2 bats (D:1)
  3 rats (D:1)
17 creatures vanquished.

Notes
Turn   | Place    | Note
-------+----------+-------------------------------------------
     0 | D:1      | iamoutofideas the Hill Orc Gladiator began the quest for
                  | the Orb.
     0 | D:1      | Reached XP level 1. HP: 18/18 MP: 1/1
   236 | D:1      | Reached XP level 2. HP: 21/25 MP: 2/2
   510 | D:1      | Found a faded altar of an unknown god.
   641 | D:1      | Reached skill level 5 in Axes
   926 | D:2      | Noticed Robin
  1171 | D:2      | HP: 1/25 [hobgoblin[Robin] (6)]
  1173 | D:1      | Slain by a hobgoblin

Illustrated notes

Levels and vault maps discovered:
D:1:      kennysheep_arrival_forest, layout_loops_cross,
          dreamdust_ecumenical_altar_hidden_monk_grotto, minmay_fountain_box
D:2:      layout_loops_ring, uniq_robin

Skill      XL: |  1  2 |
---------------+-------+-----
Axes           | 5 |  5.2
Fighting       | |  2.4
Throwing       | |  1.7
Dodging        | |  2.4

Action                   || total
-------------------------++-------
Melee: War axe           ||    49
  Use: Potion            ||     1
Armor: Leather armour    ||    25
Dodge: Dodged            ||    37
